 Dungeon Crawl Stone Soup version 0.30-a0-639-g3916f1956a (webtiles) character file.

Game seed: 16093120429192853332

15 zinnoa the Vexing (level 2, -2/11 HPs)
             Began as a Felid Enchanter on Jan 17, 2023.
             Slain by a gnoll
             ... wielding a +0 halberd
              (13 damage)
             ... on level 2 of the Dungeon.
             The game lasted 00:05:19 (1035 turns).

zinnoa the Vexing (Felid Enchanter)                 Turns: 1035, Time: 00:05:20

Health: -2/11      AC:  1    Str:  4    XL:     2   Next: 34%
Magic:  4/6        EV: 17    Int: 16    God:
Gold:   64         SH:  0    Dex: 16    Spells: 3/5 levels left
                                        Lives:  0   Deaths: 0

rFire   . . .      SeeInvis +      - Unarmed
rCold   . . .      Faith    .    (shield unavailable)
rNeg    . . .      Spirit   .    (body armour unavailable)
rPois   .          Reflect  .    (helmet unavailable)
rElec   .          Harm     .    (cloak unavailable)
rCorr   .          Rampage  .    (gloves unavailable)
Will    .....                    (boots unavailable)
Stlth   +++                      (no amulet)
HPRegen 0.21/turn                (no ring)
MPRegen 0.10/turn                (no ring)

@: quick
A: very small, claws 1, fangs 3, see invisible, speed 1, shaggy fur 1, stealthy
paws, no weapons or thrown items, no armour, multi-lived
a: no special abilities


You were on level 2 of the Dungeon.
You visited 1 branch of the dungeon, and saw 2 of its levels.

You collected 64 gold pieces.

Inventory:

Scrolls
 c - 2 scrolls of noise {unknown}
 f - a scroll of torment {unknown}
Potions
 a - 2 potions of invisibility
 b - a potion of curing {unknown}
 d - 2 potions of ambrosia {unknown}
 e - a potion of cancellation {unknown}


   Skills:
 + Level 2.7 Dodging
 + Level 4.3 Stealth
 + Level 1.1 Unarmed Combat
 + Level 2.1 Spellcasting
 + Level 5.1 Hexes


You had 3 spell levels left.
You knew the following spells:

 Your Spells              Type           Power      Damage    Failure   Level
a - Ensorcelled Hibernat  Hex/Ice        18%        N/A       11%         2

Your spell library contained the following spells:

 Spells                   Type           Power      Damage    Failure   Level
 Confusing Touch          Hex            18%        N/A       8%          3
 Tukima's Dance           Hex            18%        N/A       8%          3
 Dazzling Flash           Conj/Hex       18%        N/A       22%         3


Dungeon Overview and Level Annotations

Branches:
Dungeon (2/15)

Altars:
Xom

Shops:
D:1 (


Innate Abilities, Weirdness & Mutations

You have sharp claws.
You have razor-sharp teeth.
You have supernaturally acute eyesight. (SInv)
You cover ground quickly. (Speed+)
You are covered in fur. (AC +1)
Your paws help you pounce on unaware monsters.
You are incapable of wielding weapons or throwing items.
You cannot wear armour.
You gain extra lives every three experience levels.


Message History

There is an open door here.
There is an open door here.
There is an open door here.
There is an open door here.
There is a stone staircase leading down here.
You climb downwards.
There is a stone staircase leading up here.
An endoplasm comes into view.
Found a scroll labelled LUOZEONT VIOB.
The helpless endoplasm fails to defend itself.
You claw the endoplasm!
You kill the endoplasm!
f - a scroll labelled LUOZEONT VIOB
Found a stone staircase leading up.
Found a shimmering altar of Xom.
There is a stone staircase leading up here.
Press: ? - help, . - travel You can't see that place.
Found 7 gold pieces.
There is a shimmering altar of Xom here.
You now have 64 gold pieces (gained 7).
There is a shimmering altar of Xom here.
You sit before the altar of Xom.
Number of times to repeat, then command key: You must enter the number of times for the command to repeat. 3 gnolls come into view.
Found 6 stones.
The gnoll shouts!
The gnoll shouts!
A gnoll comes into view. It is wielding a +0 flail.
The gnoll shouts!
Casting: Ensorcelled Hibernation (safe; 11% risk of failure)
Confirm with . or Enter, or press ? or * to list all spells.
Aiming: Ensorcelled Hibernation (safe; 11% risk of failure)
Press: ? - help, Shift-Dir - straight line, f - gnoll
Aim: a gnoll, wielding a +0 halberd (chance to affect: 51%)
The gnoll looks drowsy...
The gnoll hits you from afar with a +0 halberd!
Ouch! That really hurt!
You die...

##.## #####..# ......#
..##.<## ##....... #....##
... #....(.# ###..#######...
.......# #....<.......#
#.....# ##.####..###..#
##.....# #..#
##.####.#####g.....# ..##
#..........@ggg....# ##.# .##
##........#####.....####.....
.####..._....## #..........#
............## #......#..##
.....#.....## ######.##....
......####.# ##.....# ####.#
...... #.########..#####
...... #..........## ......
############


You could see 4 gnolls.

Vanquished Creatures
  A bat (D:1)
  4 endoplasms
  3 goblins (D:1)
  2 hobgoblins (D:1)
  A frilled lizard (D:1)
  A rat (D:1)
12 creatures vanquished.

Notes
Turn   | Place    | Note
-------+----------+-------------------------------------------
     0 | D:1      | zinnoa the Felid Enchanter began the quest for the Orb.
     0 | D:1      | Reached XP level 1. HP: 7/7 MP: 4/4
   228 | D:1      | Reached skill level 5 in Hexes
   228 | D:1      | Reached XP level 2. HP: 8/11 MP: 6/6
   231 | D:1      | Learned a level 2 spell: Ensorcelled Hibernation
   379 | D:1      | Found Xaowogij's Antique Weapon Boutique.
   952 | D:2      | Found a shimmering altar of Xom.
  1035 | D:2      | Slain by a gnoll

Illustrated notes

Levels and vault maps discovered:
D:1:      heliophobic_arrival_glass_houses, layout_loops_ring, serial_shops,
          nicolae_shop_trees, item_on_display_a
D:2:      layout_rooms, basic_altar, kennysheep_path_1

Skill      XL: |  1 |
---------------+----+-----
Hexes          | 5 |  5.1
Dodging        | |  2.7
Stealth        | |  4.3
Unarmed Combat | |  1.1
Spellcasting   | |  2.1

Action                   || total
-------------------------++-------
Melee: Unarmed           ||    30
       Bite              ||     3
 Cast: Ensorcelled Hiber ||     1
 Stab: Sleeping          ||     4
Dodge: Dodged            ||    24

Table legend: (Time is in decaauts)
 A = Elapsed time spent in this place.
 B = Non-inter-level travel time spent in this place.
 C = Inter-level travel time spent in this place.
 D = Time resting spent in this place.
 E = Time spent auto-exploring this place.
 F = Levels seen in this place.
 G = Mean time per level.
                   A        B        C        D        E       F      G
               +--------+--------+--------+--------+--------+-----+--------+
         Total |    850 |    818 |     32 |     28 |    500 |   2 |  425.0 |
       Dungeon |    850 |    818 |     32 |     28 |    500 |   2 |  425.0 |
               +--------+--------+--------+--------+--------+-----+--------+

Top non-repeatable levels by time:
     D:1: 744 daAuts
     D:2: 106 daAuts
